 Dungeon Crawl Stone Soup version 0.31-a0-771-g505c3d19dc (webtiles) character file.

Game seed: 493432371293889379

598 asdfjkl1234 the Slasher (level 7, -1/61 HPs)
             Began as a Hill Orc Fighter on Sept 16, 2023.
             Was a Follower of Trog.
             Succumbed to Eustachio's poison
             ... on level 5 of the Dungeon.
             The game lasted 00:20:42 (3632 turns).

asdfjkl1234 the Slasher (Hill Orc Fighter)          Turns: 3632, Time: 00:20:42

Health: -1/61      AC: 12    Str: 22    XL:     7   Next: 40%
Magic:  7/7        EV: 10    Int: 10    God:    Trog [*.....]
Gold:   184        SH:  0    Dex: 10    Spells: 6/6 levels left

rFire   . . .        a - +0 long sword (spect)
rCold   . . .        (no shield)
rNeg    . . .        o - +5 scale mail "Medio" {Harm Drain Str+3}
rPois   .            (no helmet)
rElec   .            (no cloak)
rCorr   .            (no gloves)
SInv    .            (no boots)
Will    .....        (no amulet) Stlth
                     i - ring of wizardry
HPRegen 0.30/turn    n - +4 ring of slaying
MPRegen 0.10/turn

%: harm (+30% outgoing, +20% incoming), wizardry (x1)
@: lethally poisoned (-1 -> -19), about to teleport
A: no striking features
a: Renounce Religion, Berserk


You were on level 5 of the Dungeon.
You worshipped Trog.
Trog was aware of your devotion.
You visited 1 branch of the dungeon, and saw 5 of its levels.

You collected 184 gold pieces.

Inventory:

Hand Weapons
 a - a +0 spectral long sword (weapon)
Armour
 b - a +1 scale mail
 c - a +0 buckler
 o - the +5 scale mail "Medio" (worn) {Harm Drain Str+3}
   (You found it on level 3 of the Dungeon)

   Str+3:     It affects your strength (+3).
   Drain:     It drains your maximum health when unequipped.
   Harm:      It increases damage dealt and taken.
Jewellery
 i - a ring of wizardry (left hand)
 n - a +4 ring of slaying (right hand)
 t - a ring of protection from cold
Talismans
 e - a flux talisman
Scrolls
 f - a scroll of revelation
 g - a scroll of enchant weapon {unknown}
 j - a scroll of amnesia {unknown}
 k - 4 scrolls of fog {unknown}
 p - a scroll of butterflies {unknown}
 q - a scroll of vulnerability {unknown}
 u - a scroll of noise {unknown}
 v - 2 scrolls of fear {unknown}
 w - a scroll of poison {unknown}
Potions
 d - 3 potions of might
 h - a potion of mutation {unknown}
 m - a potion of lignification {unknown}
 r - a potion of curing
 s - 2 potions of brilliance {unknown}


   Skills:
 + Level 5.0 Fighting
 + Level 5.7 Long Blades
 + Level 5.7 Armour
 + Level 1.2 Dodging
 + Level 0.2 Stealth
 + Level 4.1 Shields


You had 6 spell levels left.
You didn't know any spells.
Your spell library contained the following spells:

 Spells                   Type           Power      Damage    Failure   Level
 Magic Dart               Conj           0%         1d3       34%         1
 Call Imp                 Summ           0%         N/A       45%         2
 Ensorcelled Hibernation  Hex/Ice        0%         N/A       45%         2
 Passwall                 Tmut/Erth      0%         N/A       45%         2
 Mephitic Cloud           Conj/Pois/Air  0%         N/A       69%         3
 Swiftness                Air            0%         N/A       69%         3
 Haunt                    Necr/Summ      0%         N/A       100%        7
 Borgnjor's Revivificati  Necr           0%         N/A       100%        8
 Death's Door             Necr           0%         N/A       100%        9


Dungeon Overview and Level Annotations

Branches:
Dungeon (5/15)             Temple (0/1) D:5

Altars:
Cheibriados
Nemelex Xobeh
Sif Muna
Trog
Zin

Shops:
D:1 ?(   D:2 :   D:3 !

Annotations:
D:5 Eustachio


Message History

You completely miss Eustachio.
Your +0 spectral long sword barely misses Eustachio.
You feel very sick. The river rat bites you. Eustachio barely misses you.
You hit Eustachio but do no damage.
Your +0 spectral long sword closely misses Eustachio.
You feel very sick. The river rat completely misses you.
Eustachio barely misses you.
You slash Eustachio!
Eustachio is moderately wounded.
Your +0 spectral long sword hits Eustachio but does no damage.
You feel very sick. The river rat closely misses you.
Eustachio hits you but does no damage.
You are more poisoned.
You barely miss Eustachio.
Eustachio is moderately wounded.
Your +0 spectral long sword closely misses Eustachio.
You feel very sick. The river rat misses you.
Eustachio hits you but does no damage.
You are more poisoned.
You slash Eustachio!
Eustachio is heavily wounded.
Your +0 spectral long sword closely misses Eustachio.
* * * LOW HITPOINT WARNING * * *
You feel very sick.
The river rat bites you but does no damage.
Eustachio hits you but does no damage.
You are lethally poisoned!
You barely miss Eustachio.
Eustachio is heavily wounded.
Your +0 spectral long sword barely misses Eustachio.
* * * LOW HITPOINT WARNING * * *
You feel very sick. The river rat bites you.
* * * LOW HITPOINT WARNING * * *
Eustachio casts a spell.
As you read the scroll of teleportation, it crumbles to dust.
You feel strangely unstable.
Your +0 spectral long sword disappears.
You die...

.....# .######.#
.######.# ........#
........# ........#
##+######### .#'####[#
#....[.....#
.#.####.####....55....#
...............r@.....#
##.#...........@......#
..################....#
## #....# #....# ######
#.#.. ..... #....


You could see Eustachio, a river rat (summoned), a white imp (summoned) and an
ufetubus (summoned).

Vanquished Creatures
  A black bear (D:4)
  An ogre (D:5)
  A phantom (D:4)
  Blork the orc (D:5)
  A hound (D:5)
  An iguana (D:4)
  An orc wizard (D:4)
  4 adders
  6 gnolls
  A white imp (D:5)
  A worm (D:3)
  4 dart slugs
  5 orcs
  6 bats
  2 endoplasms
  4 giant cockroaches
  11 goblins
  5 hobgoblins
  6 jackals
  5 kobolds
  3 quokkas
  10 ball pythons
  4 frilled lizards
  3 rats
87 creatures vanquished.

Notes
Turn   | Place    | Note
-------+----------+-------------------------------------------
     0 | D:1      | asdfjkl1234 the Hill Orc Fighter began the quest for the
                  | Orb.
     0 | D:1      | Reached XP level 1. HP: 19/19 MP: 1/1
   168 | D:1      | Found Eguismiq's Magic Scroll Emporium.
   309 | D:1      | Found a faded altar of an unknown god.
   321 | D:1      | Reached XP level 2. HP: 21/27 MP: 2/2
   352 | D:1      | Prayed at the altar of an unknown god.
   352 | D:1      | Became a worshipper of Sif Muna the Loreminder
   352 | D:1      | Reached * piety under Sif Muna
   686 | D:1      | Found Xawkel Vumi's Antique Weapon Emporium.
   889 | D:2      | Reached XP level 3. HP: 32/33 MP: 3/3
   909 | D:2      | HP: 1/33 [adder (3)]
  1245 | D:2      | Found Voighyeb's Book Shoppe.
  1254 | D:2      | Reached XP level 4. HP: 25/40 MP: 4/4
  1263 | D:2      | Reached ** piety under Sif Muna
  1498 | D:3      | Found Rikupran's Distillery.
  1888 | D:3      | Identified the +5 scale mail "Medio" {Harm Drain Str+3}
  2004 | D:3      | Reached XP level 5. HP: 45/46 MP: 5/5
  2295 | D:3      | Found a bloodstained altar of Trog.
  2310 | D:3      | Found a snail-covered altar of Cheibriados.
  2327 | D:3      | Found a glowing silver altar of Zin.
  2414 | D:3      | Fell from the grace of Sif Muna
  2474 | D:3      | Became a worshipper of Trog the Wrathful
  2552 | D:4      | Noticed a phantom
  2565 | D:4      | Killed a phantom
  2627 | D:4      | Reached XP level 6. HP: 46/53 MP: 6/6
  2720 | D:4      | Found a sparkling altar of Nemelex Xobeh.
  2733 | D:4      | Reached skill level 5 in Armour
  2869 | D:4      | Noticed a black bear
  2875 | D:4      | Killed a black bear
  2876 | D:4      | Reached skill level 5 in Long Blades
  2876 | D:4      | Reached skill level 1 in Dodging
  3174 | D:5      | Entered Level 5 of the Dungeon
  3215 | D:5      | Found a staircase to the Ecumenical Temple.
  3217 | D:5      | Noticed Blork the orc
  3228 | D:5      | Killed Blork the orc
  3229 | D:5      | Reached XP level 7. HP: 60/60 MP: 7/7
  3366 | D:5      | Reached * piety under Trog
  3367 | D:5      | Reached skill level 5 in Fighting
  3617 | D:5      | Noticed Eustachio
  3632 | D:5      | Succumbed to Eustachio's poison

Illustrated notes

Levels and vault maps discovered:
D:1:      dpeg_arrival_connections, layout_loops_ring,
          shapermc_ecumenical_altar_starsandcircs, serial_shops,
          nicolae_shop_tiny_waterfront, shop
D:2:      layout_basic, serial_shops, nicolae_shop_crystal
D:3:      layout_loops_ring, grunt_temple_overflow_diamond, serial_shops,
          nicolae_shop_temple_entry_statues_fountains, minmay_fractal_squares_5
D:4:      layout_cave_pools, nemelex_xobeh_ov_fountains_minmay
D:5:      layout_basic, tgw_kikubaaqudgha, temple_pool_b, uniq_eustachio,
          uniq_blork_the_orc, uniq_crazy_yiuf_cottage

Skill      XL: |  1  2  3  4  5  6  7 |
---------------+----------------------+-----
Fighting       | 4 5 |  5.0
Long Blades    | 3 4 5 |  5.7
Armour         | 4 5 |  5.7
Dodging        | 1 |  1.2
Shields        | 4 |  4.1
Stealth        | |  0.2

Action                     |  1- 3 |  4- 6 |  7- 9 || total
---------------------------+-------+-------+-------++-------
  Melee: Long sword        |    90 |    94 |    20 ||   204
 Invoke: Renounce Religion |       |     1 |       ||     1
    Use: Potion            |     3 |     1 |       ||     4
         Scroll            |     4 |     1 |     1 ||     6
 Armour: Scale mail        |   118 |    98 |    20 ||   236
  Dodge: Dodged            |    74 |    64 |    17 ||   155
  Block: Buckler           |    33 |    22 |       ||    55

Table legend: (Time is in decaauts)
 A = Elapsed time spent in this place.
 B = Non-inter-level travel time spent in this place.
 C = Inter-level travel time spent in this place.
 D = Time resting spent in this place.
 E = Time spent auto-exploring this place.
 F = Levels seen in this place.
 G = Mean time per level.
                   A        B        C        D        E       F      G
               +--------+--------+--------+--------+--------+-----+--------+
         Total |   3685 |   3444 |    241 |    199 |     65 |   5 |  737.0 |
       Dungeon |   3685 |   3444 |    241 |    199 |     65 |   5 |  737.0 |
               +--------+--------+--------+--------+--------+-----+--------+

Top non-repeatable levels by time:
     D:3: 1025 daAuts
     D:1: 840 daAuts
     D:2: 691 daAuts
     D:4: 667 daAuts
     D:5: 461 daAuts
